AoeStats
← Aldo

Arabia

510031311Analyzed
2v2 RM · 3d ago on Sep 29, 2026· 33m 49s· 4 players
Game mode
Random Map
Map size
Medium (4 player)
Population
200
Speed
Normal
Resources
Standard
Victory
Conquest
Starting age
Dark Age
Ending age
Imperial Age
RankedLock teamsTeams togetherTeam positionsShared explorationLock speedFull tech treeHidden civsTurbo modeCheats
Victory
Defeat
🇲🇽 Bulgarians · Mexico
972
+16
🇲🇽 Teutons · Mexico
923
+17
🇦🇷 Celts · Argentina
978
-17
🇨🇳 Burgundians · China
950
-16
Aldo
11:57 Feudal Age
11:40 Loom
13:47 Forging
13:38 Scale Mail Armor
19:26 Castle Age
19:00 Bloodlines
23:41 Town Watch
23:49 Fletching
27:22 Double-Bit Axe
31:16 Wheelbarrow
33:16 Gold Mining
33:20 Stone Mining
fdiazlev
4:12 Loom
12:03 Feudal Age
12:38 Double-Bit Axe
12:46 Man-at-Arms
14:54 Wheelbarrow
17:33 Bloodlines
20:34 Scale Barding Armor
26:13 Castle Age
24:33 Forging
24:24 Scale Mail Armor
25:10 Fletching
27:21 Bow Saw
27:30 Pikeman
28:36 Long Swordsman
29:18 Squires
31:20 Town Watch
33:02 Town Patrol
zeta27
11:10 Feudal Age
9:28 Loom
11:14 Feudal Age
12:25 Double-Bit Axe
12:22 Horse Collar
14:36 Wheelbarrow
16:27 Fletching
21:21 Castle Age
20:00 Scale Mail Armor
21:00 Padded Archer Armor
22:02 Pikeman
24:48 Bow Saw
24:52 Gold Mining
24:53 Arson
25:50 Bodkin Arrow
25:16 Crossbowman
27:28 Hand Cart
29:57 Forging
34:41 Imperial Age
猫咪先生
12:04 Feudal Age
11:09 Loom
13:31 Double-Bit Axe
19:51 Wheelbarrow
19:29 Horse Collar
22:47 Castle Age
Connection lost

Rejoining the realm…

Still unreachable

The connection could not be restored.

Session expired

The server has moved on; the page needs a fresh start.